 Dungeon Crawl Stone Soup version 0.25-a0-435-g4b9beb1024 (webtiles) character file.

Game seed: 6639459093184533096, levelgen mode: deterministic

92301 Epan the Geomancer (level 16, -4/106 HPs)
             Began as a Gargoyle Earth Elementalist on Jan 27, 2020.
             Was a High Priest of Vehumet.
             Slain by a sun demon (6 damage)
             ... summoned by an orc high priest
             ... on level 2 of the Orcish Mines on Jan 28, 2020.
             The game lasted 01:09:47 (23613 turns).

Epan the Geomancer (Gargoyle Earth Elementalist)   Turns: 23613, Time: 01:09:47

Health: -4/106     AC: 28    Str: 21    XL:     16   Next: 5%
Magic:  2/36       EV: 14    Int: 30    God:    Vehumet [*****.]
Gold:   3702       SH:  0    Dex:  7    Spells: 4/35 levels left

rFire    + . .     SeeInvis .   G - +7 morningstar
rCold    . . .     Gourm    .   (no shield)
rNeg     + . .     Faith    .   Q - +2 robe {rF+}
rPois    ∞         Spirit   .   (helmet restricted)
rElec    +         Reflect  .   y - +2 cloak
rCorr    .         Harm     .   (no gloves)
MR       +....                  u - +0 pair of boots of Wausun {Str+7 Int+3}
Stlth    +.........             F - amulet of regeneration
HPRegen  0.67/turn              x - +4 ring of protection
MPRegen  0.25/turn              j - ring of Liberalism {rElec MP+9 Int+6 Dex-5 Stlth-}

@: flying, very slightly contaminated
A: big wings, beak, thin metallic scales 1, agile 1, low mp 1, negative energy
resistance 1, robust 1, shaggy fur 1, electricity resistance, unbreathing,
petrification resistance, rot immunity, MP-powered wands, AC +12
a: Stop Flying, Renounce Religion


You were on level 2 of the Orcish Mines.
You worshipped Vehumet.
Vehumet was extremely pleased with you.
You were near starving.

You visited 4 branches of the dungeon, and saw 23 of its levels.
You also visited: Bailey and Volcano.

You collected 3780 gold pieces.
You spent 78 gold pieces at shops.

Inventory:

Hand Weapons
 k - a +2 morningstar of draining
 G - a +7 morningstar (weapon)
Missiles
 b - 242 stones (quivered)
 w - a throwing net
Armour
 f - a +2 helmet
 u - the +0 pair of boots of Wausun (worn) {Str+7 Int+3}
   (You acquired it on level 2 of the Lair of Beasts)

   It affects your strength (+7).
   It affects your intelligence (+3).
   If you remove this armour, your AC will fall 2 points (28 -> 26)
 y - a +2 cloak (worn)
 Q - a +2 robe of fire resistance (worn)
Magical Staves
 M - an uncursed staff of energy
Jewellery
 e - a +2 ring of dexterity
 h - an uncursed ring of resist corrosion
 j - the ring of Liberalism (right hand) {rElec MP+9 Int+6 Dex-5 Stlth-}
   (You found it on level 2 of the Lair of Beasts)

   [ring of attention]

   It affects your intelligence (+6).
   It affects your dexterity (-5).
   It insulates you from electricity.
   It affects your magic capacity (+9).
   It makes you less stealthy.
 p - an uncursed amulet of the acrobat
 q - an uncursed ring of ice
 x - a +4 ring of protection (left hand)
 z - an uncursed ring of protection from cold
 F - an amulet of regeneration (around neck)
 H - an uncursed ring of ice
Wands
 n - a wand of paralysis (11)
 r - a wand of disintegration (38)
 v - a wand of flame (19)
 D - a wand of polymorph (6)
 O - a wand of iceblast (6)
Scrolls
 g - 4 scrolls of remove curse
 l - a scroll of amnesia
 o - 4 scrolls of fog
 A - 2 scrolls of magic mapping
 K - 2 scrolls of fear
 N - 3 scrolls of immolation
Potions
 a - a potion of resistance
 i - 5 potions of curing
 m - a potion of brilliance
 s - 3 potions of might
 B - 5 potions of berserk rage
 C - 5 potions of magic
 J - a potion of ambrosia
Comestibles
 d - 34 rations
 t - 6 chunks of flesh


   Skills:
 + Level 10.2 Fighting
 + Level 9.4 Maces & Flails
 - Level 6.0 Armour
 + Level 8.1 Dodging
 - Level 2.1 Stealth
 + Level 10.2 Spellcasting
 + Level 11.4 Conjurations
 - Level 0.7 Transmutations
 * Level 11.9 Fire Magic
 + Level 13.0 Earth Magic
 - Level 6.0 Evocations


You had 4 spell levels left.
You knew the following spells:

 Your Spells              Type           Power        Failure   Level  Hunger
a - Sandblast             Erth           ######       0%          1    None
b - Stone Arrow           Conj/Erth      ######       1%          3    None
c - Lee's Rapid Deconstr  Erth           #######...   1%          5    ###....
d - Iron Shot             Conj/Erth      ######....   1%          6    #####..
e - Bolt of Magma         Conj/Fire/Erth ######....   1%          5    ###....
f - Starburst             Conj/Fire      ######....   1%          6    #####..
g - Irradiate             Conj/Tmut      ######....   2%          5    ###....

Your spell library contained the following spells:

 Spells                   Type           Power        Failure   Level  Hunger
 Spellforged Servitor     Conj/Summ      #####.....   54%         7    ######.
 Foxfire                  Conj/Fire      ####         1%          1    None
 Magic Dart               Conj           ####         1%          1    None
 Passwall                 Tmut/Erth      ######..     1%          2    None
 Conjure Flame            Conj/Fire      ######..     1%          3    None
 Ignite Poison            Fire/Tmut/Pois #####...     1%          3    None
 Mephitic Cloud           Conj/Pois/Air  #####...     1%          3    None
 Petrify                  Tmut/Erth      ######..     1%          4    None
 Pain                     Necr           ###.         3%          1    None
 Blink                    Tloc           N/A          5%          2    None
 Call Imp                 Summ           ###.....     5%          2    None
 Shroud of Golubria       Chrm/Tloc      ###...       5%          2    None
 Slow                     Hex            ###.....     5%          2    None
 Recall                   Summ/Tloc      N/A          11%         3    None
 Summon Guardian Golem    Hex/Summ       ###.....     11%         3    None
 Animate Dead             Necr           N/A          34%         4    None
 Borgnjor's Vile Clutch   Necr/Erth      ######....   7%          5    ###....
 Alistair's Intoxication  Tmut/Pois      ###.....     63%         5    ###....
 Death Channel            Necr           ###.......   99%         6    #####..
 Eringya's Noxious Bog    Tmut/Pois      ###.......   99%         6    #####..
 Simulacrum               Ice/Necr       ###.......   99%         6    #####..
 Summon Hydra             Summ           ###.......   100%        7    ######.
 Sublimation of Blood     Necr           Unusable     N/A         2    N/A

Dungeon Overview and Level Annotations

Branches:
Dungeon (14/15)            Temple (1/1) D:7            Lair (6/6) D:8
 Shoals (0/4) Lair:2       Spider (0/4) Lair:4        Slime (0/5) Lair:6
    Orc (2/2) D:9             Elf (0/3) Orc:2        Vaults (0/5) D:14
 Bailey (visited)         Volcano (visited)

Altars:
Ashenzari
Cheibriados
Dithmenos
Elyvilon
Fedhas
Gozag
Hepliaklqana
Kikubaaqudgha
Makhleb
Nemelex Xobeh
Okawaru
Qazlal
Ru
Sif Muna
Trog
Uskayaw
Vehumet
Wu Jian
Xom
Yredelemnul
Zin
The Shining One
Beogh
Jiyva

Shops:
D:4 !   D:7 [   D:10 (   Orc:1 :

Portals:
Hell: Lair:6


Innate Abilities, Weirdness & Mutations

You are resistant to torment.
Your stone body is resilient. (AC +12)
You are immune to poison.
Your large and strong wings let you fly indefinitely.
You resist negative energy. (rN+)
You are resistant to electric shocks. (rElec)
You can survive without breathing.
You are immune to petrification.
You are immune to rotting.
You have a beak for a mouth.
You are partially covered in thin metallic scales. (AC +2)
You are agile. (Dex +2)
Your magical capacity is low. (-10% MP)
You are robust. (+10% HP)
You are covered in fur. (AC +1)
You expend magic power (3 MP) to strengthen your wands.


Message History

Aiming: Iron Shot (safe; 1% risk of failure)
Press: ? - help, Shift-Dir - straight line, f - orc high priest
Aim: an orc high priest, wielding a +0 halberd (heavily wounded)
The iron shot misses the orc high priest.
The rust devil disappears in a puff of smoke!
The sun demon hits you.
* * * LOW HITPOINT WARNING * * *
You are engulfed in flames.
You resist.
* * * LOW HITPOINT WARNING * * *
The orc high priest hits you but does no damage.
The neqoxec gestures.
Casting: Iron Shot (safe; 1% risk of failure)
Confirm with . or Enter, or press ? or * to list all spells.
Aiming: Iron Shot (safe; 1% risk of failure)
Press: ? - help, Shift-Dir - straight line, f/p - orc high priest
Aim: an orc high priest, wielding a +0 halberd (heavily wounded)
The iron shot misses the orc high priest.
You are near starving!
The sun demon hits you.
You die...

...................#
...................#
#..............)...#
#..................#
............[)....)######.
..................5.......
........##......5[[.......
#.......##......35..#...##
............[..3@......##
............)..3o......#
#............§........##
#..............§)#.....#
##.............).##....#
#................###.##
##............))######
##............(##(##
#.....#####...)()..##


You could see an orc high priest, a sun demon, a smoke demon, a neqoxec, an iron
imp and 2 white imps.

Vanquished Creatures
  Jorgrun (Orc:2)
  Frances (D:14)
  An ironheart preserver (D:14)
  A stone giant (Orc:2)
  A red draconian (Volcano)
  2 dire elephants (Lair:6)
  7 hydras
  Erolcha (Orc:1)
  A two-headed ogre (D:13)
  4 centaur warriors
  7 death yaks
  A death knight (D:13)
  3 orc high priests (Orc:2)
  Sonja (D:10)
  A sixfirhy (Lair:6)
  10 skeletal warriors
  An unseen horror (D:14)
  4 wizards
  A flayed ghost (D:12)
  A phantasmal warrior (D:13)
  2 orc knights
  3 deep elf magi
  A wolf spider zombie (D:14)
  A manticore (D:14)
  13 ugly things
  A black mamba (Lair:6)
  5 centaur zombies
  4 cyclopes
  2 merfolk sirens (Lair:2)
  3 gargoyles (D:14)
  6 torpor snails
  8 elephants
  15 spiny frogs
  An orange demon (Lair:6)
  A freezing wraith (D:13)
  9 komodo dragons
  2 efreet (D:14)
  4 rime drakes
  A yaktaur (Volcano)
  2 ice devils (Lair:6)
  A hellwing (Lair:6)
  2 red devils (Lair:6)
  2 polar bears
  4 jumping spiders (Lair:4)
  5 trolls
  3 hornets
  9 slime creatures
  6 blink frogs
  10 hippogriffs
  3 shadows
  2 wyverns
  Sigmund (D:3)
  A vampire (D:13)
  3 redbacks (Lair:4)
  43 yaks
  A tarantella (shapeshifter) (D:14)
  4 wraiths
  5 basilisks
  A hungry ghost (D:9)
  Edmund (D:4)
  5 wargs
  2 soldier ants
  18 water moccasins
  5 hell hounds (Lair:6)
  7 porcupines
  An ice beast (D:12)
  Duvessa (D:6)
  2 necrophages
  12 orc warriors
  2 black bears
  4 phantoms
  4 sky beasts
  19 ogres
  11 centaurs
  15 crocodiles
  7 big kobolds
  10 bullfrogs
  Dowan (D:6)
  3 scorpions
  15 wights
  3 howler monkeys
  An electric eel (Lair:2)
  5 crimson imps
  4 jellies
  A quasit (D:9)
  Crazy Yiuf (D:3)
  5 hounds
  3 bullfrog skeletons
  4 centaur skeletons
  23 orc priests
  13 orc wizards
  4 iguanas
  10 worker ants
  A hound skeleton (D:9)
  2 worker ant zombies
  Robin (D:3)
  21 gnolls
  A howler monkey skeleton (D:11)
  13 adders
  4 shadow imps
  An ooze (D:3)
  An adder skeleton (D:9)
  An adder zombie (D:7)
  5 worms
  A dart slug (D:3)
  5 leopard geckos
  74 orcs
  10 giant cockroaches
  12 goblins
  18 hobgoblins
  5 jackals
  37 kobolds
  3 quokkas
  A ball python (D:4)
  7 bats
  3 frilled lizards
  A leopard gecko skeleton (D:4)
  2 quokka skeletons
  15 rats
  A plant (Lair:3)
708 creatures vanquished.

Vanquished Creatures (others)
  5 fungi
  6 plants
11 creatures vanquished.

Grand Total: 719 creatures vanquished

Notes
Turn   | Place    | Note
-------+----------+-------------------------------------------
     0 | D:1      | Epan the Gargoyle Earth Elementalist began the quest for
                  | the Orb.
     0 | D:1      | Reached XP level 1. HP: 10/10 MP: 3/3
   265 | D:1      | Reached XP level 2. HP: 15/15 MP: 3/5
   317 | D:1      | Reached skill level 4 in Earth Magic
  1464 | D:2      | Found a bloodstained altar of Trog.
  1530 | D:2      | Reached XP level 3. HP: 18/19 MP: 7/7
  1535 | D:2      | Learned a level 3 spell: Stone Arrow
  1931 | D:2      | Found a shimmering altar of Xom.
  1992 | D:3      | Reached skill level 1 in Conjurations
  1992 | D:3      | Reached XP level 4. HP: 21/24 MP: 8/8
  2266 | D:3      | Noticed Sigmund
  2272 | D:3      | Killed Sigmund
  2272 | D:3      | Reached skill level 5 in Earth Magic
  2272 | D:3      | Reached XP level 5. HP: 14/28 MP: 4/10
  2272 | D:3      | Reached XP level 6. HP: 16/32 MP: 4/11
  2438 | D:3      | Learned a level 5 spell: Lee's Rapid Deconstruction
  2508 | D:3      | Noticed Robin
  2580 | D:3      | Killed Robin
  2899 | D:3      | Found a runed translucent door.
  2900 | D:3      | Noticed Crazy Yiuf
  2906 | D:3      | Killed Crazy Yiuf
  2906 | D:3      | Reached skill level 6 in Earth Magic
  3115 | D:3      | Found a sparkling altar of Nemelex Xobeh.
  3166 | D:3      | Found a blossoming altar of Fedhas.
  3319 | D:4      | Reached XP level 7. HP: 36/36 MP: 10/13
  3416 | D:4      | Noticed Edmund
  3422 | D:4      | Killed Edmund
  3536 | D:4      | Found a glowing golden altar of the Shining One.
  3609 | D:4      | Reached skill level 7 in Earth Magic
  3656 | D:4      | Reached skill level 5 in Spellcasting
  3692 | D:4      | Found Puafipto's Distillery.
  3704 | D:4      | Bought a potion of curing for 39 gold pieces
  3704 | D:4      | Bought a potion of curing for 39 gold pieces
  4011 | D:4      | Reached XP level 8. HP: 41/41 MP: 15/15
  4039 | D:5      | Entered Level 5 of the Dungeon
  4052 | D:5      | Reached skill level 5 in Conjurations
  4321 | D:5      | Found a shadowy altar of Dithmenos.
  4349 | D:5      | Found an ancient bone altar of Kikubaaqudgha.
  4350 | D:5      | Found a radiant altar of Vehumet.
  4351 | D:5      | Found a shimmering blue altar of Sif Muna.
  4355 | D:5      | Identified Kikubaaqudgha's Compendium of Black Rites
  4546 | D:6      | Reached skill level 1 in Armour
  4642 | D:6      | Got a spiked leather armour
  4653 | D:6      | Identified the cursed +1 leather armour of Circular Logic
                  | {rC+ rN+} (You found it on level 6 of the Dungeon)
  4764 | D:6      | Noticed Duvessa
  4765 | D:6      | Noticed Dowan
  4767 | D:6      | Killed Dowan
  4767 | D:6      | Reached skill level 1 in Fighting
  4767 | D:6      | Reached skill level 1 in Maces & Flails
  4769 | D:6      | Killed Duvessa
  4769 | D:6      | Reached skill level 1 in Evocations
  5279 | D:7      | Found a staircase to the Ecumenical Temple.
  5285 | Temple   | Entered the Ecumenical Temple
  5463 | D:5      | Became a worshipper of Vehumet
  5619 | D:7      | Reached XP level 9. HP: 47/48 MP: 6/17
  5725 | D:7      | Found Xirphoss's Armour Shoppe.
  6143 | D:7      | Reached skill level 8 in Earth Magic
  6198 | D:8      | Found a sparkling altar of Nemelex Xobeh.
  6268 | D:8      | Found a staircase to the Lair.
  6318 | D:8      | Reached * piety under Vehumet
  6318 | D:8      | Offered knowledge of Freeze by Vehumet.
  6434 | D:8      | Noticed a hornet
  6434 | D:8      | Noticed a hornet
  6443 | D:8      | Killed a hornet
  6450 | D:8      | Killed a hornet
  6651 | D:8      | Found a hazy altar of Hepliaklqana.
  6717 | D:8      | You fall into a shaft and drop 2 floors!
  6717 | D:10     | Entered Level 10 of the Dungeon
  6718 | D:10     | Noticed a deep elf mage
  6718 | D:10     | Noticed a wizard
  6725 | D:10     | Killed a wizard
  6728 | D:10     | Killed a deep elf mage
  6728 | D:10     | Reached XP level 10. HP: 35/56 MP: 8/19
  6746 | D:10     | Identified the Volume of Plaster Cramp
  6755 | D:10     | Learned a level 6 spell: Iron Shot
  6761 | D:10     | Learned a level 5 spell: Bolt of Magma
  7048 | D:9      | Reached skill level 1 in Fire Magic
  7068 | D:9      | Found a staircase to the Orcish Mines.
  7150 | D:9      | Reached skill level 9 in Earth Magic
  7157 | D:9      | Reached ** piety under Vehumet
  7157 | D:9      | Offered knowledge of Foxfire by Vehumet.
  7946 | D:9      | Found a basalt altar of Yredelemnul.
  7946 | D:9      | Found a shattered altar of Ashenzari.
  8057 | D:9      | Found a burning altar of Makhleb.
  8057 | D:9      | Found a snail-covered altar of Cheibriados.
  8194 | D:10     | Noticed a deep elf mage
  8199 | D:10     | Killed a deep elf mage
  8201 | D:10     | Noticed a wizard
  8205 | D:10     | Killed a wizard
  8205 | D:10     | Reached skill level 5 in Fighting
  8205 | D:10     | Reached XP level 11. HP: 63/63 MP: 15/21
  8210 | D:10     | Identified the Compendium of Sand
  8221 | D:10     | Identified the Almanac of Dhcmrlchtdj
  8538 | D:10     | Noticed Sonja
  8542 | D:10     | Killed Sonja
  8542 | D:10     | Reached skill level 5 in Armour
  8556 | D:10     | Found Gaenaacw's Weapon Emporium.
  8561 | D:10     | Learned a level 2 spell: Passwall
  8756 | D:11     | Noticed a brown ugly thing
  8758 | D:11     | Noticed a white ugly thing
  8764 | D:11     | Noticed a cyclops
  8782 | D:11     | Killed a white ugly thing
  8785 | D:11     | Killed a white ugly thing
  8787 | D:11     | Killed a cyclops
  8787 | D:11     | Offered knowledge of Searing Ray by Vehumet.
  8951 | D:11     | Reached skill level 5 in Maces & Flails
  9067 | D:11     | Reached *** piety under Vehumet
  9541 | D:12     | Noticed a skeletal warrior
  9541 | D:12     | Noticed a skeletal warrior
  9541 | D:12     | Noticed a skeletal warrior
  9541 | D:12     | Noticed a skeletal warrior
  9541 | D:12     | Noticed a skeletal warrior
  9559 | D:11     | Killed a skeletal warrior
  9559 | D:11     | Reached skill level 5 in Fire Magic
  9812 | D:12     | Found a flagged portal.
  9822 | Bailey   | Entered a bailey
  9901 | Bailey   | Gained mutation: Scrolls take you a little longer to read.
                  | [potion of mutation]
  9901 | Bailey   | Gained mutation: Your muscles are strong. (Str +2) [potion
                  | of mutation]
  9901 | Bailey   | Gained mutation: Your magical capacity is low. (-10% MP)
                  | [potion of mutation]
  9901 | Bailey   | Gained mutation: You have a pair of small horns on your
                  | head. [potion of mutation]
 10222 | Bailey   | Offered knowledge of Inner Flame by Vehumet.
 10228 | Bailey   | Identified a scroll of acquirement
 10228 | Bailey   | Identified the amulet of Xanethru {Spirit *Drain +Blink
                  | Dex+6} (You acquired it in a bailey)
 10236 | Bailey   | Lost mutation: Scrolls take you a little longer to read.
                  | [potion of mutation]
 10236 | Bailey   | Lost mutation: Your muscles are strong. (Str +2) [potion of
                  | mutation]
 10236 | Bailey   | Gained mutation: You expend magic power (3 MP) to
                  | strengthen your wands. [potion of mutation]
 10236 | Bailey   | Gained mutation: Your flesh is heat resistant. (rF+)
                  | [potion of mutation]
 10323 | Bailey   | Noticed an orc knight
 10333 | Bailey   | Killed an orc knight
 10979 | D:12     | Killed a skeletal warrior
 10979 | D:12     | Reached skill level 10 in Earth Magic
 10979 | D:12     | Reached XP level 12. HP: 51/70 MP: 9/20
 10984 | D:12     | Reached skill level 5 in Dodging
 10984 | D:12     | Reached skill level 5 in Evocations
 11078 | D:12     | Reached **** piety under Vehumet
 11160 | D:12     | Noticed a centaur warrior
 11241 | D:12     | Offered knowledge of Olgreb's Toxic Radiance by Vehumet.
 11241 | D:12     | Killed a centaur warrior
 11284 | D:12     | Noticed a seven-headed hydra
 11290 | D:12     | Killed a seven-headed hydra
 11791 | D:13     | Found a shadowy altar of Dithmenos.
 12010 | D:13     | Noticed a two-headed ogre
 12023 | D:13     | Killed a two-headed ogre
 12294 | D:13     | Noticed a death knight
 12300 | D:13     | Killed a death knight
 12337 | D:13     | Reached XP level 13. HP: 45/76 MP: 16/22
 12433 | D:13     | Reached ***** piety under Vehumet
 12656 | D:13     | Offered knowledge of Hailstorm by Vehumet.
 13524 | D:14     | Noticed Frances
 13534 | D:14     | Killed Frances
 13534 | D:14     | Reached skill level 11 in Earth Magic
 13929 | D:14     | Lost mutation: You have a pair of small horns on your head.
                  | [potion of mutation]
 13929 | D:14     | Gained mutation: You are frail. (-10% HP) [potion of
                  | mutation]
 13929 | D:14     | Gained mutation: You are covered in fur. (AC +1) [potion of
                  | mutation]
 13929 | D:14     | Gained mutation: You are somewhat resistant to further
                  | mutation. [potion of mutation]
 13930 | D:14     | Lost mutation: You are frail. (-10% HP) [potion of
                  | mutation]
 13930 | D:14     | Lost mutation: You are somewhat resistant to further
                  | mutation. [potion of mutation]
 13930 | D:14     | Gained mutation: Your large and strong wings let you fly
                  | indefinitely. [potion of mutation]
 13930 | D:14     | Gained mutation: You are dopey. (Int -2) [potion of
                  | mutation]
 13930 | D:14     | Gained mutation: You are robust. (+10% HP) [potion of
                  | mutation]
 13930 | D:14     | Gained mutation: You are partially covered in thin metallic
                  | scales. (AC +2) [potion of mutation]
 14111 | D:14     | Found a gate to the Vaults.
 14111 | D:14     | Noticed an ironheart preserver
 14127 | D:14     | Killed an ironheart preserver
 14614 | D:14     | Mutation became permanent: Your large and strong wings let
                  | you fly indefinitely. [Gargoyle growth]
 14614 | D:14     | Gained mutation: Your large and strong wings let you fly
                  | indefinitely. [Gargoyle growth]
 14614 | D:14     | Reached XP level 14. HP: 62/92 MP: 1/24
 14987 | D:14     | Learned a level 5 spell: Irradiate
 14999 | D:14     | Found a blossoming altar of Fedhas.
 15066 | D:14     | Reached skill level 10 in Conjurations
 15644 | Lair:1   | Entered Level 1 of the Lair of Beasts
 16257 | Lair:2   | Got a clouded wooden ring
 16258 | Lair:2   | Identified the ring of Liberalism {rElec MP+9 Int+6 Dex-5
                  | Stlth-} (You found it on level 2 of the Lair of Beasts)
 16576 | Lair:2   | Identified the cursed +0 whip of an ossuary {flame, rN+
                  | Int+4} (You found it on level 2 of the Lair of Beasts)
 16609 | Lair:2   | Offered knowledge of Starburst by Vehumet.
 16623 | Lair:2   | Learned a level 6 spell: Starburst
 16650 | Lair:2   | Identified the +0 pair of boots of Wausun {Str+7 Int+3}
                  | (You acquired it on level 2 of the Lair of Beasts)
 16894 | Lair:2   | Found a staircase to the Shoals.
 17293 | Lair:3   | Reached skill level 10 in Fire Magic
 17879 | Lair:3   | Identified the +1 robe of Recit {rElec Dex+3} (You found it
                  | on level 3 of the Lair of Beasts)
 17956 | Lair:3   | Reached skill level 12 in Earth Magic
 18433 | Lair:4   | Found a hole to the Spider Nest.
 19011 | Lair:4   | Found a snail-covered altar of Cheibriados.
 19372 | Lair:5   | Reached XP level 15. HP: 81/99 MP: 25/25
 19847 | Lair:5   | Offered knowledge of Lightning Bolt by Vehumet.
 20067 | Lair:6   | Entered Level 6 of the Lair of Beasts
 20078 | Lair:6   | Found a dark tunnel.
 20087 | Volcano  | Entered a volcano
 20109 | Volcano  | Found a radiant altar of Vehumet.
 20709 | Lair:6   | Found a staircase to the Slime Pits.
 20709 | Lair:6   | Found a viscous altar of Jiyva.
 21299 | Lair:6   | Reached skill level 10 in Spellcasting
 21351 | Lair:6   | Found a burning altar of Makhleb.
 21532 | Lair:6   | Found a gateway to Hell.
 21854 | Lair:6   | Offered knowledge of Iskenderun's Battlesphere by Vehumet.
 22209 | Orc:1    | Entered Level 1 of the Orcish Mines
 22248 | Orc:1    | Found a roughly hewn altar of Beogh.
 22462 | Orc:1    | Noticed Erolcha
 22465 | Orc:1    | Killed Erolcha
 22465 | Orc:1    | Reached skill level 10 in Fighting
 22648 | Orc:1    | Found Ulos's Book Emporium.
 22801 | Orc:2    | Entered Level 2 of the Orcish Mines
 23090 | Orc:2    | Noticed Jorgrun
 23101 | Orc:2    | Killed Jorgrun
 23151 | Orc:1    | Gained mutation: You are weak. (Str -2) [mutagenic glow]
 23218 | Orc:1    | Lost mutation: Your magical capacity is low. (-10% MP)
                  | [potion of mutation]
 23218 | Orc:1    | Lost mutation: You are dopey. (Int -2) [potion of mutation]
 23218 | Orc:1    | Lost mutation: You are weak. (Str -2) [potion of mutation]
 23218 | Orc:1    | Lost mutation: Your flesh is heat resistant. (rF+) [potion
                  | of mutation]
 23218 | Orc:1    | Gained mutation: Your magical capacity is low. (-10% MP)
                  | [potion of mutation]
 23218 | Orc:1    | Gained mutation: You are agile. (Dex +2) [potion of
                  | mutation]
 23218 | Orc:1    | Gained mutation: You have a beak for a mouth. [potion of
                  | mutation]
 23312 | Orc:2    | Reached XP level 16. HP: 44/106 MP: 18/27
 23425 | Orc:2    | Offered knowledge of Spellforged Servitor by Vehumet.
 23503 | Orc:2    | Found a staircase to the Elven Halls.
 23585 | Orc:2    | Reached skill level 13 in Earth Magic
 23612 | Orc:2    | HP: 2/106 [sun demon[an orc high priest] (5)]
 23613 | Orc:2    | Slain by a sun demon

Levels and vault maps discovered:
D:1:      onia_arrival_larder, layout_basic
D:2:      layout_basic, bloody_trog, lemuel_tele_altar
D:3:      layout_basic, lemuel_coloured_pillars_altar,
          nemelex_spade_bored_becter, uniq_robin, uniq_crazy_yiuf_cottage,
          uniq_sigmund
D:4:      layout_basic, lemuel_crystal_altar, first_ration, serial_shops, shop,
          uniq_edmund
D:5:      layout_cave_pools, grunt_temple_overflow_magic_moments,
          lemuel_doored_altar, minmay_diced_spiral
D:6:      layout_loops_ring, st_stairs_8, minmay_holes, uniq_duvessa
D:7:      layout_gridville, minmay_temple_entry_hall, serial_shops, shop
D:8:      layout_rooms, nemelex_xobeh_ov_fountains_minmay, kennysheep_mini,
          lair_entry_dummy, hangedman_pestilent_swarm
D:9:      layout_cave_pools, gammafunk_temple_overflow_wave,
          amethyst_overflow_temple_binary, orc_0_dummy
D:10:     layout_loops_ring, serial_shops, shop_statue,
          bh_hangedman_babel_library, uniq_sonja
D:11:     layout_small_grid
D:12:     layout_roguey, enter_bailey_8, minivault_25_ag
D:13:     layout_rooms, grunt_dithmenos_smoke
D:14:     layout_loops_ring, skrybe_vaults_entry_preservation, basic_altar,
          minmay_misc_feat_secret_circle, minmay_fractal_squares_5, uniq_frances
Temple:   nicolae_temple_figure_zero
Lair:1:   layout_gridlike
Lair:2:   layout_regular_city, elwin_shoals_entry_rooms
Lair:3:   layout_small_grid, infiniplex_staircase_pool_2, serial_bayou_shore_b
Lair:4:   layout_regular_city, nicolae_spider_entry_tight_spaces,
          kennysheep_snail_temple, lemuel_fruit_fields
Lair:5:   layout_long_grid, beast_lair_carwin_3
Lair:6:   evil_forest, layout_gridlike, slime_altar_1,
          nicolae_volcano_entry_lava_flow
Orc:1:    layout_diamond_mine, basic_altar, serial_shops, shop, uniq_erolcha
Orc:2:    st_orc_town, layout_diamond_mine, minmay_orc_keep, uniq_jorgrun

Skill      XL: |  1  2  3  4  5  6  7  8  9 10 11 12 13 14 15 16 |
---------------+-------------------------------------------------+-----
Earth Magic    | 4 5 6 7 8 9 10 11 12 13 | 13.0
Spellcasting   | 3 4 5 6 7 8 9 10 | 10.2
Conjurations   | 1 2 3 4 5 6 7 8 9 10 11 | 11.4
Armour         | 2 3 4 5 6 |  6.0
Fighting       | 2 3 5 6 7 8 9 10 | 10.2
Maces & Flails | 2 3 4 5 6 7 8 9 |  9.4
Dodging        | 2 3 4 5 6 7 8 |  8.1
Evocations     | 1 3 4 5 6 |  6.0
Fire Magic     | 3 5 7 9 10 11 | 11.9
Stealth        | |  2.1
Transmutations | |  0.7

Action                   |  1- 3 |  4- 6 |  7- 9 | 10-12 | 13-15 | 16-18 || total
-------------------------+-------+-------+-------+-------+-------+-------++-------
Melee: Unarmed           |    25 |       |       |       |       |       ||    25
       Club              |    37 |       |       |       |       |       ||    37
       Mace              |    89 |    68 |       |       |       |       ||   157
       Short sword       |       |    30 |   268 |   436 |    80 |       ||   814
       Headbutt          |       |       |       |    37 |    19 |       ||    56
       Morningstar       |       |       |       |       |   929 |    39 ||   968
       Peck              |       |       |       |       |     7 |     6 ||    13
 Cast: Sandblast         |    10 |    31 |    59 |   149 |   155 |     1 ||   405
       Stone Arrow       |       |     1 |     4 |    10 |     2 |       ||    17
       Lee's Rapid Decon |       |       |     4 |    34 |    47 |       ||    85
       Bolt of Magma     |       |       |       |     7 |     3 |       ||    10
       Iron Shot         |       |       |       |     6 |    67 |     7 ||    80
       Passwall          |       |       |       |     2 |       |       ||     2
       Irradiate         |       |       |       |       |    17 |     2 ||    19
       Starburst         |       |       |       |       |     1 |       ||     1
 Abil: Fly               |       |       |       |       |     1 |       ||     1
Evoke: Wand              |       |       |     1 |     8 |    13 |       ||    22
       Phantom mirror    |       |       |       |     1 |       |       ||     1
       Sack of spiders   |       |       |       |       |     1 |       ||     1
  Use: Scroll            |     5 |       |    11 |    13 |    19 |     2 ||    50
       Potion            |       |     1 |       |     7 |    10 |     1 ||    19
 Stab: Sleeping          |     6 |     2 |     2 |     2 |     7 |       ||    19
  Eat: Chunk             |     4 |     4 |    13 |    25 |    56 |     2 ||   104
       Ration            |       |       |       |     4 |     3 |       ||     7
Armor: Robe              |    58 |    60 |    70 |       |    75 |    30 ||   293
       Leather armour    |       |       |    57 |   298 |   693 |       ||  1048
Dodge: Dodged            |   111 |   109 |   167 |   479 |   956 |    44 ||  1866

Table legend:
 A = Non-vault XP
 B = Vault XP
 C = Vault XP percentage of total XP
 D = Non-vault monster count
 E = Vault monster count
 F = Vault count percentage of total count
                 A         B        C        D         E       F
            +---------+---------+-------+---------+---------+-------
      Total |   86939 |   44920 |  34.1 |     524 |     183 |  25.9
            +---------+---------+-------+---------+---------+-------
        D:1 |      15 |       8 |  34.8 |      10 |       7 |  41.2
        D:2 |      53 |       0 |   0.0 |      19 |       0 |   0.0
        D:3 |     151 |     298 |  66.4 |      32 |      13 |  28.9
        D:4 |     531 |     171 |  24.4 |      16 |       1 |   5.9
        D:5 |     342 |      26 |   7.1 |      10 |       2 |  16.7
        D:6 |     115 |     201 |  63.6 |       5 |       2 |  28.6
        D:7 |     740 |       0 |   0.0 |      20 |       0 |   0.0
        D:8 |     549 |     739 |  57.4 |      15 |       4 |  21.1
        D:9 |    2748 |       0 |   0.0 |      36 |       0 |   0.0
       D:10 |    1205 |    3411 |  73.9 |      18 |       5 |  21.7
       D:11 |    4459 |       0 |   0.0 |      27 |       0 |   0.0
       D:12 |    9400 |    1983 |  17.4 |      46 |       4 |   8.0
       D:13 |    9839 |     917 |   8.5 |      48 |       2 |   4.0
       D:14 |   15863 |    7461 |  32.0 |      38 |      14 |  26.9
     Lair:1 |    3597 |       0 |   0.0 |      16 |       0 |   0.0
     Lair:2 |    2473 |     909 |  26.9 |      11 |       2 |  15.4
     Lair:3 |    7303 |       0 |   0.0 |      28 |       0 |   0.0
     Lair:4 |    4729 |    3534 |  42.8 |      19 |      11 |  36.7
     Lair:5 |    5110 |    3493 |  40.6 |      17 |       4 |  19.0
     Lair:6 |   12436 |   10306 |  45.3 |      39 |      26 |  40.0
      Orc:1 |    2061 |     959 |  31.8 |      27 |       1 |   3.6
      Orc:2 |    3220 |    6607 |  67.2 |      27 |      43 |  61.4
     Bailey |       0 |     828 | 100.0 |       0 |      34 | 100.0
    Volcano |       0 |    3069 | 100.0 |       0 |       8 | 100.0
            +---------+---------+-------+---------+---------+-------
